 Dungeon Crawl Stone Soup version 0.29.1-15-g9cfb28693d (webtiles) character file.

Game seed: 7420607266408900373

36 Mickster the Ogre Mage (level 3, 0/31 HPs)
             Began as an Ogre Hedge Wizard on Mar 5, 2023.
             Killed from afar by a dart slug (3 damage)
             ... with a slug dart
             ... on level 2 of the Dungeon.
             The game lasted 00:14:40 (1655 turns).

Mickster the Ogre Mage (Ogre Hedge Wizard)          Turns: 1655, Time: 00:14:41

Health: 0/31       AC: 10    Str: 16    XL:     3   Next: 37%
Magic:  8/8        EV: 10    Int: 15    God:
Gold:   48         SH:  0    Dex:  8    Spells: 8/9 levels left

rFire   . . .      SeeInvis .   l - +1 dagger (protect)
rCold   . . .      Faith    .   (no shield)
rNeg    . . .      Spirit   .   b - +0 robe
rPois   .          Reflect  .   c - +0 hat
rElec   .          Harm     .   (no cloak)
rCorr   .          Rampage  .   (gloves unavailable)
Will    .....                   (boots unavailable)
Stlth   +.........              (no amulet)
HPRegen 0.10/turn               (no ring)
MPRegen 0.11/turn               (no ring)

@: under a protective aura
A: large, unfitting armour, tough skin 1
a: no special abilities


You were on level 2 of the Dungeon.
You visited 1 branch of the dungeon, and saw 2 of its levels.

You collected 48 gold pieces.

Inventory:

Hand Weapons
 a - a +0 dagger
 f - a +1 war axe
 h - a +0 antimagic short sword
 l - a +1 dagger of protection (weapon)
Missiles
 e - 13 stones
 g - 4 poisoned darts (quivered)
Armour
 b - a +0 robe (worn)
 c - a +0 hat (worn)
Magical Staves
 j - a staff of cold
Scrolls
 m - a scroll of identify {unknown}
Potions
 d - a potion of magic
 i - a potion of curing {unknown}
 k - a potion of flight {unknown}


   Skills:
 * Level 1.6 Axes
 + Level 2.3 Dodging
 + Level 1.4 Stealth
 + Level 3.8 Spellcasting
 * Level 1.1 Conjurations
 - Level 0.8 Summonings
 + Level 0.8 Translocations


You had 8 spell levels left.
You knew the following spells:

 Your Spells              Type           Power      Damage    Failure   Level
a - Magic Dart            Conj           24%        1d4       12%         1

Your spell library contained the following spells:

 Spells                   Type           Power      Damage    Failure   Level
 Slow                     Hex            8%         N/A       19%         1
 Blink                    Tloc           10%        N/A       21%         2
 Call Imp                 Summ           5%         N/A       21%         2
 Conjure Flame            Conj/Fire      4%         6-21      41%         3
 Mephitic Cloud           Conj/Pois/Air  4%         N/A       43%         3


Dungeon Overview and Level Annotations

Branches:
Dungeon (2/15)

Altars:

Shops:
D:1 [


Innate Abilities, Weirdness & Mutations

You are too large for most types of armour.
You have tough skin. (AC +1)


Message History

You miss the adder.
The adder is severely wounded.
You feel sick.
You are no longer poisoned.
The adder bites you.
You are poisoned.
The adder poisons you! The dart slug barely misses you.
You barely miss the adder.
The adder is severely wounded.
You feel sick. The adder completely misses you.
The adder bites you but does no damage. The dart slug bites you.
* * * LOW HITPOINT WARNING * * *
You hit the adder.
Your weapon exudes an aura of protection.
The adder is almost dead.
You feel sick. The adder bites you but does no damage.
Unknown command.
You miss the adder.
The adder is almost dead.
You feel sick. The adder completely misses you.
The dart slug bites you but does no damage.
You barely miss the adder.
The adder is almost dead.
You feel sick. The adder closely misses you.
The dart slug launches a dart at you.
The slug dart hits you but does no damage.
You closely miss the adder.
The adder is almost dead.
You feel sick. The adder bites you but does no damage. The adder misses you.
You hit the adder but do no damage.
Your weapon exudes an aura of protection.
The adder is almost dead.
You feel sick.
You are no longer poisoned.
The dart slug barely misses you. The adder bites you but does no damage.
You hit the adder.
You kill the adder!
The dart slug launches a dart at you. The slug dart hits you.
You die...

#.#.#############
#.#.# #.#.# #.#.#
#.#.# #.#.# #.#.#
#.# #@# ......w†#
###.#.#(. #.####
#


You could see a dart slug.

Vanquished Creatures
  An adder (D:2)
  2 dart slugs (D:1)
  2 endoplasms (D:1)
  4 goblins (D:1)
  6 jackals (D:1)
  2 quokkas (D:1)
  2 ball pythons (D:1)
  3 bats (D:1)
  6 kobolds
  2 rats (D:1)
30 creatures vanquished.

Notes
Turn   | Place    | Note
-------+----------+-------------------------------------------
     0 | D:1      | Mickster the Ogre Hedge Wizard began the quest for the Orb.
     0 | D:1      | Reached XP level 1. HP: 16/16 MP: 5/5
   203 | D:1      | Found Xubienugg's Antique Armour Shoppe.
   226 | D:1      | Reached XP level 2. HP: 11/24 MP: 6/6
   235 | D:1      | Reached skill level 1 in Axes
   895 | D:1      | Reached skill level 1 in Conjurations
   955 | D:1      | Reached XP level 3. HP: 16/31 MP: 8/8
  1655 | D:2      | Killed from afar by a dart slug

Illustrated notes

Levels and vault maps discovered:
D:1:      minmay_arrival_widening_spiral_wide, layout_basic, serial_shops,
          nicolae_shop_trees, chequers_avenue
D:2:      layout_basic, basic_altar

Skill      XL: |  1  2 |
---------------+-------+-----
Dodging        | 2 |  2.3
Axes           | 1 |  1.6
Conjurations   | 1 |  1.1
Stealth        | |  1.4
Spellcasting   | |  3.8
Summonings     | |  0.8
Translocations | |  0.8

Action                   || total
-------------------------++-------
Melee: War axe           ||    82
       Punch             ||     1
       Dagger            ||    24
Throw: Dart              ||    11
  Use: Scroll            ||     2
       Potion            ||     1
 Stab: Sleeping          ||     1
Armor: Robe              ||    73
Dodge: Dodged            ||    90
